 Dungeon Crawl Stone Soup version 0.29.1-13-g9f3cf754e1 (webtiles) character file.

Game seed: 12518623524477390995

127 javelincjr the Magician (level 5, -3/36 HPs)
             Began as a Djinni Ice Elementalist on Jan 26, 2023.
             Slain by an iguana (11 damage)
             ... on level 3 of the Dungeon.
             The game lasted 00:13:54 (2914 turns).

javelincjr the Magician (Djinni Ice Elementalist)   Turns: 2914, Time: 00:13:56

Health: -3/36      AC:  4    Str:  7    XL:     5   Next: 33%
Gold:   115        EV: 12    Int: 19    God:
                   SH:  0    Dex: 13

rFire   + + .      SeeInvis .   q - +0 sling
rCold   x . .      Faith    .   (no shield)
rNeg    . . .      Spirit   .   a - +0 robe
rPois   ∞          Reflect  .   (no helmet)
rElec   .          Harm     .   (no cloak)
rCorr   .          Rampage  .   n - +1 pair of gloves
Will    .....                   (boots unavailable)
Stlth   ++........              (no amulet)
HPRegen 0.12/turn               (no ring)
MPRegen 0.00/turn               (no ring)

@: flying
A: sickness immunity, fire resistance 2, cold vulnerability 1, float, innate
caster, HP casting, extra vitality 1
a: no special abilities


You were on level 3 of the Dungeon.
You visited 1 branch of the dungeon, and saw 3 of its levels.

You collected 115 gold pieces.

Inventory:

Hand Weapons
 c - a +0 dagger
 q - a +0 sling (weapon)
Armour
 a - a +0 robe (worn)
 n - a +1 pair of gloves (worn)
Wands
 s - a wand of roots (12)
Scrolls
 b - 3 scrolls of enchant weapon {unknown}
 e - 2 scrolls of acquirement {unknown}
 f - a scroll of enchant armour {unknown}
 j - a scroll of teleportation {unknown}
 m - a scroll of identify {unknown}
 o - a scroll of blinking {unknown}
 u - a scroll of immolation {unknown}
Potions
 g - a potion of flight {unknown}
 h - a potion of heal wounds {unknown}
 i - a potion of magic {unknown}
 k - a potion of brilliance {unknown}
 l - a potion of attraction {unknown}
 p - a potion of lignification {unknown}
 r - a potion of degeneration {unknown}
 t - a potion of haste {unknown}


   Skills:
 + Level 0.5 Fighting
 + Level 0.3 Ranged Weapons
 + Level 2.5 Dodging
 + Level 2.0 Stealth
 + Level 4.5 Spellcasting


You couldn't memorise any spells.
You knew the following spells:

 Your Spells              Type           Power      Damage    Failure   Level
a - Freeze                Ice            84%        1d10      1%          1
b - Frozen Ramparts       Ice            42%        1d7       6%          3
c - Ozocubu's Armour      Ice            21%        N/A       6%          3
d - Hailstorm             Conj/Ice       21%        3d6       21%         4
e - Summon Small Mammal   Summ           84%        N/A       1%          1
f - Blink                 Tloc           42%        N/A       3%          2
Your spell library was empty.

Dungeon Overview and Level Annotations

Branches:
Dungeon (3/15)

Altars:


Innate Abilities, Weirdness & Mutations

You are immune to sickness and miasma.
You are immune to poison.
Your flesh is very heat resistant. (rF++)
You are vulnerable to cold. (rC-)
You float through the air rather than walking.
You learn spells naturally, not from books.
Your magical power is your life essence.
You have superior vitality. (+4 MHP)


Message History

Aim: an orc, wielding a +0 flail, wearing a +0 ring mail and quivering boomerangs (almost dead, 56% to hit)
You shoot a sling bullet.
The sling bullet hits the orc but does no damage.
The orc is almost dead.
The wall freezes something.
Reactivating autopickup.
You feel a bit more experienced.
The wall freezes the orc but does no damage.
The orc throws a boomerang.
The boomerang closely misses you.
The wall freezes the orc!
You kill the orc!
The wall freezes the iguana.
The iguana seems to slow down.
Fire: q) +0 sling
Press: ? - help, Q - select action, (/) - cycle Shift-Dir - straight line, f - iguana
Aim: an iguana (lightly wounded, slow, 56% to hit)
You shoot a sling bullet. The sling bullet hits the iguana.
The iguana is moderately wounded.
The wall freezes the iguana.
The iguana seems to slow down.
Fire: q) +0 sling
Press: ? - help, Q - select action, (/) - cycle Shift-Dir - straight line, f/p - iguana
Aim: an iguana (heavily wounded, slow, 56% to hit)
You shoot a sling bullet.
The sling bullet closely misses the iguana.
The wall freezes the iguana but does no damage.
The iguana bites you.
* * * LOW HITPOINT WARNING * * *
Fire: q) +0 sling
Press: ? - help, Q - select action, (/) - cycle Shift-Dir - straight line, f/p - iguana
Aim: an iguana (heavily wounded, slow, 56% to hit)
You shoot a sling bullet.
The sling bullet barely misses the iguana.
The wall freezes the iguana!
The iguana seems to slow down.
The iguana misses you.
Fire: q) +0 sling
Press: ? - help, Q - select action, (/) - cycle Shift-Dir - straight line, f/p - iguana
Aim: an iguana (almost dead, slow, 56% to hit)
You shoot a sling bullet.
The sling bullet barely misses the iguana.
The frozen ramparts melt away.
The iguana bites you!
You die...

#.#...#.#.#
#.#####.#.#.#
#.......#.#.#
#########.#.#
#.........#.#
#.#########.# #.#
#...#.# # #.#
#.#.#.######)# #.#
##...#..))l@..#
#.####.......#######
#........#..........
#..<....###...o.....
######...#..o.o.....
# #.....###..)$...l.
# #.#..## ##........
###+#...# .........
#......## #........


You could see an iguana (slow).

Vanquished Creatures
  An orc priest (D:3)
  An orc wizard (D:3)
  2 adders (D:2)
  A dart slug (D:1)
  3 orcs (D:3)
  3 endoplasms
  A giant cockroach (D:2)
  A goblin (D:1)
  3 hobgoblins (D:1)
  A quokka (D:2)
  4 ball pythons
  2 bats (D:1)
  2 frilled lizards
  6 kobolds
  5 rats
36 creatures vanquished.

Vanquished Creatures (collateral kills)
  A goblin (D:2)
1 creature vanquished.

Vanquished Creatures (others)
  An orc wizard (D:3)
  2 demonic plants (D:1)
3 creatures vanquished.

Grand Total: 40 creatures vanquished

Notes
Turn   | Place    | Note
-------+----------+-------------------------------------------
     0 | D:1      | javelincjr the Djinni Ice Elementalist began the quest for
                  | the Orb.
     0 | D:1      | javelincjr set off with the following spells memorised:
                  | Freeze, Frozen Ramparts, Ozocubu's Armour, Hailstorm.
     0 | D:1      | Reached XP level 1. HP: 15/15 MP: 0/0
   355 | D:1      | Reached XP level 2. HP: 19/21 MP: 0/0
   938 | D:1      | Found a faded altar of an unknown god.
  1544 | D:2      | Reached XP level 3. HP: 19/25 MP: 0/0
  1544 | D:2      | Learned a level 1 spell: Summon Small Mammal
  1548 | D:2      | Reached skill level 4 in Spellcasting
  2740 | D:3      | Reached XP level 4. HP: 28/31 MP: 0/0
  2908 | D:3      | Reached XP level 5. HP: 14/36 MP: 0/0
  2908 | D:3      | Learned a level 2 spell: Blink
  2914 | D:3      | Slain by an iguana

Illustrated notes

Levels and vault maps discovered:
D:1:      minmay_arrival_arboretum_small, layout_rooms,
          dreamdust_ecumenical_altar_sealed_demon
D:2:      layout_basic
D:3:      layout_basic, nicolae_figureground_pulse, uniq_natasha

Skill      XL: |  1  2  3  4 |
---------------+-------------+-----
Spellcasting   | 4 |  4.5
Stealth        | 2 |  2.0
Fighting       | |  0.5
Ranged Weapons | |  0.3
Dodging        | |  2.5

Action                   |  1- 3 |  4- 6 || total
-------------------------+-------+-------++-------
Melee: Dagger            |    13 |       ||    13
 Fire: Sling             |       |    18 ||    18
 Cast: Freeze            |    45 |       ||    45
       Summon Small Mamm |     2 |       ||     2
       Frozen Ramparts   |     1 |     2 ||     3
  Use: Potion            |       |     1 ||     1
Armor: Robe              |    11 |     2 ||    13
Dodge: Dodged            |    35 |     2 ||    37
